[Event "Early-Titled-Tuesday-Blitz-January-23-2024"]
[Site "Chess.com"]
[Date "2024.01.23"]
[Round "11"]
[White "fks_stal_mielec"]
[Black "JiiHart"]
[Result "0-1"]
[WhiteElo "2197"]
[BlackElo "2147"]
[TimeControl "180+1"]
[EndTime "10:06:46 PST"]
[Termination "JiiHart won by checkmate"]

1. e4 c5 2. c4 e6 3. Nc3 Nc6 4.
g3 Nf6 5. Bg2 Be7 6. d3 O-O 7.
Nge2 d6 8. O-O a6 9. f4 Bd7 10. h3 Rb8 11. a4 Nd4 12. Nxd4 cxd4 13. Ne2 e5 14. fxe5 dxe5 15. Bd2 a5 16. Qe1 b6 17. b3 Ne8 18. Kh2 f5 19. Qc1 Qc8 20. exf5 Bxf5 21. Bd5+ Kh8 22. g4 Bxd3 23. Rxf8+ Bxf8 24. Qf1 Nf6 25. g5 Nxd5 26. cxd5 Bd6 27. Kg1 Qf8 28. Qxf8+ Rxf8 29. Ng3 e4 30. Kg2 e3 31. Be1 Bxg3 32.
Bxg3 Be4+ 33. Kh2 d3 34. d6 d2 35. d7 e2 36. Bd6 Rd8 37. Bc7 Rxd7 38. Bxb6 d1=Q 39. Ra2 e1=Q 40. Rf2 Qg1# 0-1

[Event "Early-Titled-Tuesday-Blitz-January-23-2024"]
[Site "Chess.com"]
[Date "2024.01.23"]
[Round "11"]
[White "Better_Chess_Faster"]
[Black "UK_23"]
[Result "0-1"]
[WhiteElo "2144"]
[BlackElo "2387"]
[TimeControl "180+1"]
[EndTime "10:06:47 PST"]
[Termination "UK_23 won on time"]

1. d4 d5 2. Bf4 Nf6 3. e3 c5 4. c3 Nc6 5. Nd2 Bg4 6. Ngf3 e6 7. h3 Bxf3 8. Nxf3 Bd6 9. dxc5 Bxc5 10. Bd3 Qe7 11.
O-O e5 12. b4 Bd6 13. b5 Nd8 14. Bg5 e4 15. Nd4 exd3 16. Nf5 Qe5 17. Nxg7+ Kf8 18.
Bf4 Qe4 19. Bh6 Kg8 20. g4 Qg6 21. g5 Ne4 22. Qg4 Nxg5 23. Bxg5 Kxg7 24. Kh1 f6 25. Qd7+ Nf7 26. Bf4 Bxf4 27. exf4 Rhd8 28. Qxb7 Kh8 29. f3 Nd6 30. Qe7 Nf5 31. Qc7 Ng3+ 32. Kh2 Nxf1+ 33.
Rxf1 Rg8 0-1

[Event "Early-Titled-Tuesday-Blitz-January-23-2024"]
[Site "Chess.com"]
[Date "2024.01.23"]
[Round "11"]
[White "AlexTruskavetsky"]
[Black "vova-79"]
[Result "1-0"]
[WhiteElo "2696"]
[BlackElo "2545"]
[TimeControl "180+1"]
[EndTime "10:06:48 PST"]
[Termination "AlexTruskavetsky won by resignation"]

1. e4 c6 2. d4 d5 3. e5 c5 4. dxc5 e6 5. b4 a5 6. c3 axb4 7. cxb4 b6 8. Be3 bxc5 9. bxc5 Nd7 10. Nf3 Bxc5 11. Bxc5 Nxc5 12. Nbd2 Ne7 13. Qc2 Qa5 14. Rc1 Ne4 15. Bd3 Nxd2 16. Nxd2 h6 17. O-O O-O 18. Qc7 Qxd2 19. Rfd1 Qg5 20. f4 Qxf4 21. Qxe7 Qxe5 22. Bh7+ Kxh7 23. Qxf8 Bb7 24. Qxf7 Ba6 25. Re1 Qd4+ 26. Qf2 Qxf2+ 27. Kxf2 Bc4 28. Rc2 Ra6 29. a4 Kg6 30. a5 Kf6 31. Ra1 e5 32. Rb2 e4 33.
Rb6+ Ke5 34. Rxa6 Bxa6 35. Rb1 d4 36. Rb6 e3+ 37. Kf3 Bc4 38. a6 Bd5+ 39. Ke2 Ke4 40. a7 d3+ 41. Kd1 d2 42. Kc2 Kf4 43. Rb4+ Ke5 44.
Rb5 Kd4 45. Rxd5+ Kxd5 46. a8=Q+ 1-0

[Event "Early-Titled-Tuesday-Blitz-January-23-2024"]
[Site "Chess.com"]
[Date "2024.01.23"]
[Round "11"]
[White "eljanov"]
[Black "dropstoneDP"]
[Result "0-1"]
[WhiteElo "2883"]
[BlackElo "3050"]
[TimeControl "180+1"]
[EndTime "10:06:49 PST"]
[Termination "dropstoneDP won on time"]

1. Nf3 d5 2. g3 g6 3. Bg2 Bg7 4. d4 Nf6 5. O-O O-O 6. c4 dxc4 7. Na3 c5 8. dxc5 c3 9. Nb5 Na6 10. Nxc3 Nxc5 11. Be3 Nfe4 12. Nxe4 Nxe4 13. Bd4 Bxd4 14. Qxd4 Qxd4 15. Nxd4 Nd6 16. f4 Bf5 17. Nxf5 gxf5 18.
Rac1 Rfc8 19. Kf2 Kf8 20. h3 e6 21. g4 Ke7 22. Rfd1 Rab8 23. g5 b6 24. h4 Rc5 25.
Rxc5 bxc5 26. b3 Rb4 27. e3 a5 28. Rc1 a4 29. Rxc5 axb3 30. axb3 Rxb3 31. Rc7+ Kf8 32.
Rd7 Nc4 33. e4 Rb2+ 34. Kg1 Ne3 35. Bf3 fxe4 36. Bxe4 Rb4 37. Bxh7 Rxf4 38. Rd3 Rxh4 39.
Rxe3 Rxh7 40. Kf2 Kg7 41. Kg3 Kg6 0-1

[Event "Early-Titled-Tuesday-Blitz-January-23-2024"]
[Site "Chess.com"]
[Date "2024.01.23"]
[Round "11"]
[White "enriquetejedor"]
[Black "chess123456s"]
[Result "0-1"]
[WhiteElo "2704"]
[BlackElo "2562"]
[TimeControl "180+1"]
[EndTime "10:06:49 PST"]
[Termination "chess123456s won on time"]

1. d4 Nf6 2. Nc3 d5 3. f3 c5 4.
e3 Nc6 5. Bb5 cxd4 6. exd4 Bf5 7. Nge2 e6 8. h4 h5 9. Bg5 Qb6 10. Qd2 Bb4 11. a3 Bxc3 12. Nxc3 a6 13. Bxc6+ bxc6 14. Na4 Qb5 15. b3 Nd7 16. Qb4 f6 17. Be3 Bxc2 18.
Kf2 Bxb3 19. Qd6 Qxa4 20. Rhc1 Bc4 21. Rab1 Bb5 22. Qxe6+ Kd8 23. Bf4 Qxd4+ 24. Be3 Qxh4+ 25. Kg1 Re8 26. Qd6 Rxe3 27. a4 Qd4 28. Kh1 Qh4+ 29. Kg1 Qxa4 30. Qg3 Qd4 31. Kh1 Qe5 32. Qxg7 Kc7 33.
Qh7 Qg5 34. Qc2 Re2 0-1

[Event "Early-Titled-Tuesday-Blitz-January-23-2024"]
[Site "Chess.com"]
[Date "2024.01.23"]
[Round "11"]
[White "Knightmare1014"]
[Black "VomDingJetztHer"]
[Result "1-0"]
[WhiteElo "2343"]
[BlackElo "2398"]
[TimeControl "180+1"]
[EndTime "10:06:51 PST"]
[Termination "Knightmare1014 won by resignation"]

1. e4 c6 2. d4 d5 3. exd5 cxd5 4. Bd3 Nc6 5. c3 Nf6 6. h3 g6 7. Nf3 Bf5 8. O-O Bxd3 9. Qxd3 Bg7 10. Bf4 O-O 11. Nbd2 Re8 12. Rfe1 Nd7 13. Bh2 e6 14. a3 Rc8 15. Rad1 Nb6 16. Ne5 Nxe5 17. Bxe5 Bxe5 18.
Rxe5 Nc4 19. Nxc4 Rxc4 20. Rde1 Rc6 21. f4 h5 22. Qg3 Kh7 23. Qe3 Rc8 24. g3 Qf6 25.
Kg2 b5 26. g4 hxg4 27. hxg4 Kg7 28. f5 gxf5 29. gxf5 Rc6 30. Qg3+ Kf8 31. fxe6 Rcxe6 32. Rf1 Qg6 33. Rg5 Qe4+ 34. Kg1 Qe3+ 35. Qxe3 Rxe3 36. Rgf5 R8e7 37. Rxd5 Re2 38. Rxb5 Rc2 39. Rf2 Re1+ 40. Kg2 Rcc1 41. Rb7 Rg1+ 42. Kf3 Kg7 43. Ke4 Rg4+ 44.
Kd5 Rg5+ 45. Kc4 a5 46. Rbxf7+ Kg8 47. d5 Rd1 48. R7f5 Rg4+ 49. Kc5 Rg7 50. d6 Rd7 51. Rd5 Rxd5+ 52. Kxd5 a4 53. Ke6 1-0

[Event "Early-Titled-Tuesday-Blitz-January-23-2024"]
[Site "Chess.com"]
[Date "2024.01.23"]
[Round "11"]
[White "hsd2016"]
[Black "cthulhuuu"]
[Result "0-1"]
[WhiteElo "2282"]
[BlackElo "2428"]
[TimeControl "180+1"]
[EndTime "10:06:56 PST"]
[Termination "cthulhuuu won on time"]

1. e4 d6 2. d4 Nf6 3. Nc3 c6 4. g3 b5 5. a3 e5 6. dxe5 dxe5 7. Qxd8+ Kxd8 8. Bg5 Kc7 9. Nf3 Nbd7 10. O-O-O Ng4 11. Rd2 f6 12. h3 fxg5 13. hxg4 Be7 14. Be2 h6 15.
Rhd1 Rf8 16. Rxd7+ Bxd7 17. Nxe5 Be8 18. f3 Rd8 19.
Nd3 a5 20. Rg1 Bf6 21. Nd1 Bd4 22. Rf1 Bf7 23. f4 Bc4 24. c3 Bxd3 25. Bxd3 Bxc3 26.
Be2 Bd2+ 27. Kc2 gxf4 28. gxf4 Bxf4 29. Nc3 Rd2+ 30. Kb1 b4 31. axb4 axb4 0-1

[Event "Early-Titled-Tuesday-Blitz-January-23-2024"]
[Site "Chess.com"]
[Date "2024.01.23"]
[Round "11"]
[White "m_ezat"]
[Black "Roedor"]
[Result "0-1"]
[WhiteElo "2452"]
[BlackElo "2317"]
[TimeControl "180+1"]
[EndTime "10:06:57 PST"]
[Termination "Roedor won by resignation"]

1. d4 Nf6 2. c4 g6 3. Nc3 d5 4.
Bg5 Bg7 5. Bxf6 Bxf6 6. cxd5 O-O 7. e3 c5 8. dxc6 Nxc6 9. Bc4 e5 10. dxe5 Nxe5 11.
Qxd8 Rxd8 12. Be2 Nd3+ 13. Bxd3 Rxd3 14. Ke2 Bf5 15. Nf3 Bxc3 16. bxc3 Rxc3 17. Rhc1 Rac8 18. Rxc3 Rxc3 19. Nd4 Be4 20. f3 Bd5 21. a4 b6 22.
a5 b5 23. a6 Bc4+ 24. Kf2 b4 25. Nc6 b3 26. Nxa7 b2 27. Rb1 Rc2+ 28. Kg3 Ba2 29.
Rd1 b1=Q 30. Rxb1 Bxb1 31. Nb5 Ra2 32. a7 Bd3 33. Nd6 Rxa7 34. e4 Rd7 35. Nc8 Kg7 36. Nb6 Rb7 37. Nd5 Bc4 38. Ne3 Be6 39. h4 h6 40. Kf4 Kf6 41. g4 g5+ 42. hxg5+ hxg5+ 43. Kg3 Ke5 44. Ng2 Rb3 45. Ne1 Bc4 46. Kf2 Rb2+ 47.
Kg3 Bf1 48. f4+ gxf4+ 49. Kf3 Be2+ 50. Kf2 Bxg4+ 51. Kg1 Rb1 52. Kh2 Rxe1 53. Kg2 Re2+ 0-1

[Event "Early-Titled-Tuesday-Blitz-January-23-2024"]
[Site "Chess.com"]
[Date "2024.01.23"]
[Round "11"]
[White "I_am_Javi"]
[Black "Oleksandr_Bortnyk"]
[Result "0-1"]
[WhiteElo "2808"]
[BlackElo "3072"]
[TimeControl "180+1"]
[EndTime "10:07:01 PST"]
[Termination "Oleksandr_Bortnyk won by resignation"]

1. e4 Nf6 2. Nc3 d5 3. exd5 Nxd5 4. Nf3 Nxc3 5. bxc3 g6 6. d4 Bg7 7. Bd3 O-O 8. Bg5 c5 9. h4 h5 10. Qd2 Nc6 11. Bh6 cxd4 12. Bxg7 Kxg7 13. O-O Bg4 14.
Ng5 dxc3 15. Qxc3+ Qd4 16. Qb3 Qb4 17. f3 Bd7 18.
Rae1 Qxb3 19. cxb3 e6 20. g4 hxg4 21. fxg4 e5 22. h5 Bxg4 23. h6+ Kxh6 24. Nxf7+ Kg7 25. Nxe5 Rxf1+ 26. Bxf1 Re8 27. Nd3 Rxe1 28. Nxe1 Kf6 29.
Kf2 Nb4 30. Bg2 b6 31. a3 Na6 32. b4 Nc7 33. Ke3 Bf5 34. Bc6 g5 35. Nf3 g4 36.
Nd4 Ke5 37. Nxf5 Kxf5 38. Bd7+ Kg5 39. Kd4 g3 40. Bc6 Nb5+ 41. Kd5 g2 0-1

[Event "Early-Titled-Tuesday-Blitz-January-23-2024"]
[Site "Chess.com"]
[Date "2024.01.23"]
[Round "11"]
[White "Ginger_GM"]
[Black "Manukyan_Artak"]
[Result "1-0"]
[WhiteElo "2682"]
[BlackElo "2519"]
[TimeControl "180+1"]
[EndTime "10:07:01 PST"]
[Termination "Ginger_GM won by resignation"]

1. e4 c6 2. Bc4 d5 3. Bb3 a5 4. a4 e5 5. Nc3 d4 6. Nce2 Nf6 7. d3 Na6 8. Nf3 Bd6 9. Bg5 h6 10. Bh4 Nc5 11. Bc4 Be6 12. Bxe6 Nxe6 13. Bg3 Nh5 14. Bxe5 Bxe5 15. Nxe5 Qg5 16. Nc4 Qxg2 17. Rg1 Qxh2 18. Qd2 Ng5 19. Rxg5 hxg5 20. O-O-O Nf4 21. Nxd4 O-O 22.
Nf5 g6 23. Ng3 Kg7 24. Nd6 Rab8 25. Kb1 b5 26. Rh1 Qg2 27. Qc3+ f6 28. Qxc6 Nh5 29. Qd7+ Kh6 30. Ndf5+ gxf5 31. Rxh5+ 1-0

[Event "Early-Titled-Tuesday-Blitz-January-23-2024"]
[Site "Chess.com"]
[Date "2024.01.23"]
[Round "11"]
[White "Aash20"]
[Black "esrosenberg"]
[Result "1-0"]
[WhiteElo "2494"]
[BlackElo "2349"]
[TimeControl "180+1"]
[EndTime "10:07:01 PST"]
[Termination "Aash20 won by checkmate"]

1. e4 g6 2. d4 Bg7 3. Nc3 d5 4. Nf3 dxe4 5. Nxe4 Bg4 6. c3 Nd7 7.
h3 Bxf3 8. Qxf3 Ngf6 9. Nxf6+ Nxf6 10. Qxb7 O-O 11. Qf3 e5 12. dxe5 Re8 13. Be3 Rxe5 14. Bc4 Rb8 15. Bb3 Qd3 16. Qe2 Qxe2+ 17. Kxe2 a5 18.
Rab1 Bh6 19. Rhd1 Bxe3 20. fxe3 Ne4 21. Rd4 Rbe8 22. Rd7 Rf5 23. Rxc7 Rf2+ 24. Kd3 Rd2+ 25. Kc4 Rxg2 26. Kb5 Rg5+ 27. Kb6 Rb8+ 28. Ka7 Rgb5 29. Rf1 Nd6 30. Bxf7+ Kh8 31. Be6 R5b6 32. a4 Ne8 33. Rf8# 1-0

[Event "Early-Titled-Tuesday-Blitz-January-23-2024"]
[Site "Chess.com"]
[Date "2024.01.23"]
[Round "11"]
[White "LyonBeast"]
[Black "Jospem"]
[Result "1-0"]
[WhiteElo "3167"]
[BlackElo "3105"]
[TimeControl "180+1"]
[EndTime "10:07:02 PST"]
[Termination "LyonBeast won by resignation"]

1. e4 e5 2. Nf3 Nf6 3. Nxe5 d6 4. Nf3 Nxe4 5. d4 Nf6 6. Bd3 Be7 7. O-O O-O 8. c4 Nbd7 9. Nc3 Re8 10. h3 Nf8 11. Be3 c6 12. d5 c5 13. a3 Ng6 14.
Re1 Bd7 15. b4 b6 16. Rb1 a6 17. Qc2 Qc7 18. bxc5 bxc5 19. Bg5 h6 20. Bxh6 Nf8 21.
Bg5 Rab8 22. Rxb8 Qxb8 23. Rb1 Qc7 24. Qb2 Bc8 25. Ne2 N8d7 26. Ng3 Bf8 27. h4 Ng4 28. Bf4 Nge5 29. Nxe5 Nxe5 30. Bxe5 Rxe5 31. Qb8 Qd7 32.
h5 Qg4 33. Be2 Rxe2 34. Nxe2 Bf5 35. Re1 Qxc4 36. Ng3 Bd7 37. Qd8 Qc3 38. Re3 Qa1+ 39. Kh2 Bb5 40. h6 g6 41. h7+ Kxh7 42. Qxf8 Qf6 43.
Nf5 Be2 44. Qh6+ 1-0

[Event "Early-Titled-Tuesday-Blitz-January-23-2024"]
[Site "Chess.com"]
[Date "2024.01.23"]
[Round "11"]
[White "Grossboss19"]
[Black "Iball95"]
[Result "1-0"]
[WhiteElo "2595"]
[BlackElo "2753"]
[TimeControl "180+1"]
[EndTime "10:07:02 PST"]
[Termination "Grossboss19 won by resignation"]

1. e4 c5 2. Nf3 e6 3. c3 d5 4. exd5 exd5 5. d4 Nf6 6. Bd3 Nc6 7. O-O Be7 8. dxc5 Bxc5 9. Re1+ Be6 10. Be3 Bxe3 11.
Rxe3 O-O 12. Bc2 Qb6 13. b3 Rad8 14. Nd4 Bg4 15. f3 Bh5 16. Qd2 Rfe8 17. Na3 Bg6 18. Bxg6 hxg6 19. Nac2 a5 20. Rae1 Rxe3 21. Rxe3 Qc5 22.
h3 Rc8 23. Ne2 b5 24. Ncd4 b4 25. Nxc6 Rxc6 26. Kh1 Rc8 27. g4 Nd7 28. Kg2 Nf8 29.
Rd3 Rd8 30. c4 Nd7 31. Rxd5 Qe7 32. Ng3 g5 33. Ne4 f6 34. c5 Kh7 35. c6 Qxe4 36.
fxe4 1-0

[Event "Early-Titled-Tuesday-Blitz-January-23-2024"]
[Site "Chess.com"]
[Date "2024.01.23"]
[Round "11"]
[White "RaugintaBulba"]
[Black "LaPiToB"]
[Result "0-1"]
[WhiteElo "2419"]
[BlackElo "2294"]
[TimeControl "180+1"]
[EndTime "10:07:03 PST"]
[Termination "LaPiToB won on time"]

1. g4 d5 2. Bg2 c5 3. g5 Nc6 4. c3 Bf5 5. d4 e6 6. Nf3 cxd4 7. cxd4 Bd6 8. Nc3 a6 9. a3 Nge7 10. h4 Ng6 11. e3 Rc8 12. h5 Nge7 13. h6 g6 14. Nh2 Bxh2 15. Rxh2 b5 16. f3 b4 17.
axb4 Nxb4 18. Qa4+ Nec6 19. Bf1 O-O 20. e4 dxe4 21.
fxe4 Bg4 22. d5 exd5 23. exd5 Re8+ 24. Kf2 Qb6+ 25. Kg3 Re3+ 26. Kxg4 Qd4+ 0-1

[Event "Early-Titled-Tuesday-Blitz-January-23-2024"]
[Site "Chess.com"]
[Date "2024.01.23"]
[Round "11"]
[White "FMCarmona"]
[Black "Sofia_Blokhin"]
[Result "0-1"]
[WhiteElo "2154"]
[BlackElo "2257"]
[TimeControl "180+1"]
[EndTime "10:07:03 PST"]
[Termination "Sofia_Blokhin won by resignation"]

1. e4 c5 2. Nf3 e6 3. d4 cxd4 4. Nxd4 a6 5. Bd3 Qc7 6. O-O Nf6 7. c4 Nc6 8. Nxc6 dxc6 9. Nc3 e5 10. Bg5 Be7 11. h3 O-O 12. Qf3 Be6 13. Ne2 Rad8 14. Rad1 h6 15. Bh4 g5 16. Bg3 g4 17.
hxg4 Bxg4 18. Qe3 Kg7 19. c5 Nh5 20. f3 Bg5 21. Qf2 Be6 22. a3 Rd7 23. Bc2 Rfd8 24. Rxd7 Rxd7 25. Rd1 Rxd1+ 26. Bxd1 Nxg3 27. Nxg3 Qd7 28. Bc2 Kf8 29. Nh5 f5 30. exf5 Bxf5 31. Bxf5 Qxf5 32. Ng3 Qd3 33. Ne4 Be3 0-1

[Event "Early-Titled-Tuesday-Blitz-January-23-2024"]
[Site "Chess.com"]
[Date "2024.01.23"]
[Round "11"]
[White "stollenmonster"]
[Black "Druid24"]
[Result "1-0"]
[WhiteElo "2909"]
[BlackElo "2714"]
[TimeControl "180+1"]
[EndTime "10:07:05 PST"]
[Termination "stollenmonster won by resignation"]

1. e4 c6 2. d4 d5 3. e5 Bf5 4.
Ne2 e6 5. Ng3 Bg6 6. h4 h6 7. h5 Bh7 8. Bd3 Bxd3 9. cxd3 Qb6 10. Be3 Qxb2 11. Nd2 Qb6 12. O-O Ne7 13. Qg4 Nd7 14.
f4 g6 15. hxg6 fxg6 16. Rab1 Qa6 17. Qxe6 O-O-O 18. Nb3 Qxd3 19. Bf2 Kb8 20. Rfc1 h5 21. Rd1 Qa6 22. Nf1 h4 23. Ne3 Rh6 24. Ng4 Rh5 25. Qf7 Rf5 26. Nf6 Ka8 27. Qe6 Nxf6 28. exf6 Nc8 29.
f7 h3 30. Bh4 Qb6 31. Nc5 Qc7 32. Bxd8 Qxf4 33. Qxc8+ 1-0

[Event "Early-Titled-Tuesday-Blitz-January-23-2024"]
[Site "Chess.com"]
[Date "2024.01.23"]
[Round "11"]
[White "Raud100"]
[Black "hmatyi07"]
[Result "1-0"]
[WhiteElo "2394"]
[BlackElo "2192"]
[TimeControl "180+1"]
[EndTime "10:07:05 PST"]
[Termination "Raud100 won by resignation"]

1. d4 Nf6 2. c4 e6 3. Nc3 d5 4. Bg5 Nbd7 5. e3 Bb4 6. a3 Bxc3+ 7. bxc3 O-O 8. Nf3 dxc4 9. Bxc4 a6 10. a4 Nb6 11.
Bd3 Nbd5 12. Qc2 h6 13. Bh4 c5 14. O-O Bd7 15. Ne5 Rc8 16. Qb2 Qc7 17. Rfb1 Bc6 18. Bg3 Qa5 19. Rc1 cxd4 20. cxd4 Nb4 21. Be2 Ne4 22.
Nxc6 Rxc6 23. Rxc6 bxc6 24. Bf4 g5 25. Be5 f6 26. Bg3 Nxg3 27. hxg3 Kg7 28. Qc3 Rb8 29. g4 Rb6 30. Bc4 c5 31. Rc1 cxd4 32. Qxd4 Rc6 33. Qd7+ Kg6 34. Bd3+ Nxd3 35. Qxd3+ f5 36. gxf5+ Kg7 37. Rxc6 Qe1+ 38. Kh2 Qxf2 39. Qe4 1-0

[Event "Early-Titled-Tuesday-Blitz-January-23-2024"]
[Site "Chess.com"]
[Date "2024.01.23"]
[Round "11"]
[White "masnyszachistaaa"]
[Black "N4700000"]
[Result "1-0"]
[WhiteElo "2535"]
[BlackElo "2425"]
[TimeControl "180+1"]
[EndTime "10:07:06 PST"]
[Termination "masnyszachistaaa won on time"]

1. Nf3 Nf6 2. c4 g6 3. Nc3 Bg7 4. e4 O-O 5. d4 d6 6. Be2 e5 7. O-O exd4 8. Nxd4 Re8 9. f3 c6 10. Nc2 Na6 11. Bf4 d5 12. cxd5 cxd5 13. exd5 Qb6+ 14. Kh1 Qxb2 15. Na4 Nxd5 16. Nxb2 Nxf4 17. Bxa6 bxa6 18. Rb1 Bf5 19. Qd2 g5 20. Ne3 Bxb1 21. Rxb1 Rad8 22. Qf2 Bxb2 23. Rxb2 Nd3 24. Qg3 Nxb2 25.
Qxg5+ Kf8 26. h4 Rd6 27. Qc5 Rd8 28. Nf5 Nd3 29. Qa3 1-0

[Event "Early-Titled-Tuesday-Blitz-January-23-2024"]
[Site "Chess.com"]
[Date "2024.01.23"]
[Round "11"]
[White "Zhigalko_Sergei"]
[Black "Elsa167"]
[Result "0-1"]
[WhiteElo "2983"]
[BlackElo "2946"]
[TimeControl "180+1"]
[EndTime "10:07:07 PST"]
[Termination "Elsa167 won by checkmate"]

1. e4 e6 2. d4 d5 3. e5 c5 4. c3 Nc6 5. Nf3 Qb6 6. Bd3 cxd4 7. O-O Bd7 8. Re1 Nge7 9. h4 h6 10. h5 Rc8 11. a3 a6 12. b4 g5 13. hxg6 Nxg6 14.
Bxg6 fxg6 15. Qd3 Kf7 16. cxd4 Be7 17. Nc3 Kg7 18. Bd2 g5 19. Rac1 Be8 20. Na4 Qd8 21. Nc5 Bxc5 22. bxc5 Rc7 23. Qe3 Bg6 24. Rc3 Rf7 25.
Rb3 Rhf8 26. Re2 Bh5 27. Qd3 Bxf3 28. gxf3 Qc8 29. Re3 Ne7 30. f4 Rxf4 31. Rg3 Rxf2 32.
Bxg5 Rf1+ 33. Kg2 R8f2+ 34. Kh3 Rh1+ 35. Kg4 h5# 0-1

[Event "Early-Titled-Tuesday-Blitz-January-23-2024"]
[Site "Chess.com"]
[Date "2024.01.23"]
[Round "11"]
[White "Chessbard1972"]
[Black "vladgoncharov"]
[Result "0-1"]
[WhiteElo "2464"]
[BlackElo "2646"]
[TimeControl "180+1"]
[EndTime "10:07:08 PST"]
[Termination "vladgoncharov won by checkmate"]

1. e4 e6 2. d4 d5 3. e5 c5 4. dxc5 Nc6 5. Nf3 Bxc5 6. Bd3 Nge7 7. O-O Qc7 8. Bf4 Ng6 9. Bg3 Nb4 10. Bb5+ Bd7 11. Bxd7+ Qxd7 12. c3 Nc6 13. Nbd2 O-O 14. h4 h6 15. h5 Nge7 16. Nb3 Bb6 17. Nbd4 Nxd4 18. Nxd4 Rfc8 19. f4 Bxd4+ 20. cxd4 Qb5 21. Qd2 Rc4 22. b3 Rc6 23. Rac1 Rac8 24. Rxc6 Qxc6 25. Bf2 Qc2 26. Rd1 Qxd2 27. Rxd2 Rc1+ 28. Kh2 Nc6 29. g4 f6 30. exf6 gxf6 31. Bh4 Kf7 32. g5 fxg5 33. fxg5 hxg5 34. Bxg5 Re1 35. Rf2+ Kg8 36. Bf6 Kh7 37. Rg2 Kh6 38. Rg7 Rf1 39. Rf7 Kxh5 40. Kg3 Kg6 41.
Rf8 Rxf6 42. Rg8+ Kf5 43. Rg7 Nxd4 44. Rxb7 Ke4 45. Rxa7 Ne2+ 46. Kg4 Rg6+ 47. Kh5 Nf4+ 48. Kh4 Kf3 49. Rf7 Rg4# 0-1

[Event "Early-Titled-Tuesday-Blitz-January-23-2024"]
[Site "Chess.com"]
[Date "2024.01.23"]
[Round "11"]
[White "lularobs"]
[Black "SmirnovTimofey2000"]
[Result "0-1"]
[WhiteElo "1570"]
[BlackElo "1957"]
[TimeControl "180+1"]
[EndTime "10:07:09 PST"]
[Termination "SmirnovTimofey2000 won on time"]

1. e4 e5 2. Nf3 Nf6 3. Nc3 Bb4 4. Nd5 Bc5 5. c3 O-O 6. d3 d6 7. Be2 Nbd7 8. O-O Nxd5 9. exd5 Nf6 10. d4 exd4 11.
cxd4 Bb6 12. Bg5 h6 13. Bh4 Bg4 14. h3 Bh5 15. Rc1 Re8 16. Re1 g5 17. Bg3 Nxd5 18. Qd2 c6 19. Bd3 Rxe1+ 20. Rxe1 Ba5 21. Qc2 Bxe1 22.
Nxe1 Qf6 23. Qd2 Re8 24. Bc2 Qe7 25. Nd3 Qe2 26. Qxe2 Rxe2 27. Bd1 Rd2 28. Bxh5 Rxd3 29. Bxd6 Rxd4 0-1

[Event "Early-Titled-Tuesday-Blitz-January-23-2024"]
[Site "Chess.com"]
[Date "2024.01.23"]
[Round "11"]
[White "Der_Balak_3Halak"]
[Black "Predo63"]
[Result "0-1"]
[WhiteElo "2340"]
[BlackElo "2474"]
[TimeControl "180+1"]
[EndTime "10:07:10 PST"]
[Termination "Predo63 won on time"]

1. e4 c6 2. Nf3 d5 3. Nc3 dxe4 4. Nxe4 Bg4 5. Bc4 e6 6. h3 Bxf3 7. Qxf3 Nd7 8. d4 Ngf6 9. c3 Nxe4 10. Qxe4 Nf6 11.
Qf3 Nd5 12. O-O Be7 13. Re1 O-O 14. Bd3 g6 15. Bh6 Re8 16. Re2 Bg5 17. Bxg5 Qxg5 18.
Rae1 Qf4 19. Be4 Qxf3 20. Bxf3 Red8 21. Bxd5 cxd5 22. Re3 b5 23. Kf1 a5 24. Ke2 b4 25.
Kd3 Rdc8 26. Kc2 Rc4 27. b3 Rc7 28. Kb2 Rb7 29. Rc1 a4 30. c4 dxc4 31. Rxc4 axb3 32.
Rxb3 Rba7 33. a3 Rxa3 34. Rxa3 bxa3+ 35. Ka2 h5 36. Rc3 Ra4 37. Rd3 Kg7 38. g3 Kf6 39. Rf3+ Ke7 40. Rxa3 Rxd4 41. Rb3 Rd2+ 42. Rb2 Rxb2+ 43.
Kxb2 Kd6 44. Kc3 Kd5 45. Kd3 e5 46. Ke3 f5 47. Kd3 g5 48. Ke3 Kc4 49. f3 Kd5 0-1

[Event "Early-Titled-Tuesday-Blitz-January-23-2024"]
[Site "Chess.com"]
[Date "2024.01.23"]
[Round "11"]
[White "Sam_ChessMood"]
[Black "MightyGMpretender"]
[Result "1-0"]
[WhiteElo "2931"]
[BlackElo "2756"]
[TimeControl "180+1"]
[EndTime "10:07:11 PST"]
[Termination "Sam_ChessMood won on time"]

1. d4 Nf6 2. c4 e6 3. Nc3 d5 4.
Nf3 Nbd7 5. g3 dxc4 6. Bg2 Bd6 7.
O-O a6 8. a4 O-O 9. Nd2 e5 10.
Nxc4 exd4 11. Qxd4 Bc5 12. Qh4 c6 13. a5 Qe7 14. Na4 Ba7 15. Be3 Bxe3 16. Nxe3 Ne5 17. Nb6 Rb8 18. Qf4 Nh5 19. Qd4 Rd8 20. Qc3 Bg4 21. Rfe1 Nf6 22. h3 Bd7 23. Red1 Ng6 24.
b4 Be6 25. Qc5 Rxd1+ 26. Rxd1 Rd8 27. Rd3 Rxd3 28. exd3 Qxc5 29. bxc5 Ne5 30. d4 Ned7 31. Nbc4 Ne8 32. f4 Bxc4 33. Nxc4 Kf8 34. Kf2 Ke7 35. Ke3 Kd8 36. g4 h6 37. h4 Kc7 38. g5 hxg5 39. fxg5 f6 40. g6 Kd8 41. Bh3 Nf8 42.
Bf5 Nc7 43. Nd6 Nd5+ 44. Ke4 Ne7 45. h5 1-0

[Event "Early-Titled-Tuesday-Blitz-January-23-2024"]
[Site "Chess.com"]
[Date "2024.01.23"]
[Round "11"]
[White "Smile2005"]
[Black "sterpfi"]
[Result "1-0"]
[WhiteElo "2402"]
[BlackElo "2244"]
[TimeControl "180+1"]
[EndTime "10:07:11 PST"]
[Termination "Smile2005 won by resignation"]

1. e4 c6 2. Nf3 d5 3. d3 dxe4 4. dxe4 Qxd1+ 5. Kxd1 g6 6. Be3 Bg7 7. c3 Nf6 8. Nfd2 O-O 9. f3 Rd8 10. a4 Be6 11. Kc2 Na6 12. Bc4 Bxc4 13. Nxc4 Nd7 14. Nbd2 Ndc5 15. b4 Ne6 16. Rhb1 Nac7 17. b5 cxb5 18.
axb5 a6 19. bxa6 bxa6 20. Nb6 Rab8 21. Nd5 Nxd5 22. exd5 Rxb1 23. Nxb1 Nc7 24. Bb6 Be5 25. Rxa6 Rxd5 26. Ra7 Ne6 27. g3 Bd6 28. Nd2 f5 29. f4 Kf7 30. c4 Nd4+ 31. Kd1 Bc5 32. cxd5 Bxb6 33. Rb7 Bc5 34. Nc4 Nf3 35. Ne5+ Nxe5 36.
fxe5 Ke8 37. Ke2 Bd4 38. d6 exd6 39. exd6 Be5 40. Re7+ 1-0

[Event "Early-Titled-Tuesday-Blitz-January-23-2024"]
[Site "Chess.com"]
[Date "2024.01.23"]
[Round "11"]
[White "mishanick"]
[Black "K_A_S_T_O_R"]
[Result "1-0"]
[WhiteElo "3060"]
[BlackElo "2888"]
[TimeControl "180+1"]
[EndTime "10:07:12 PST"]
[Termination "mishanick won by resignation"]

1. d4 Nf6 2. c4 e6 3. Nc3 Bb4 4.
e3 O-O 5. Bd3 c5 6. Nf3 d5 7.
O-O cxd4 8. exd4 dxc4 9. Bxc4 b6 10. Qe2 Bb7 11. Rd1 Bxc3 12. bxc3 Qc7 13. Bd3 Nbd7 14. c4 Rac8 15. Bb2 Rfe8 16. Rac1 Qf4 17. Nd2 e5 18. d5 e4 19. Bb1 e3 20. Nf1 exf2+ 21. Qxf2 Qxf2+ 22. Kxf2 Ne4+ 23. Kg1 Nd6 24. Nd2 Nc5 25.
Re1 Ba6 26. Be5 Ncb7 27. Bd3 f6 28. Bg3 Kf7 29. Rxe8 Rxe8 30. c5 Bxd3 31. cxd6 Nc5 32. Nb3 Rc8 33. Nd4 Ba6 34. Nc6 Bb7 35. Rxc5 bxc5 36.
d7 1-0

[Event "Early-Titled-Tuesday-Blitz-January-23-2024"]
[Site "Chess.com"]
[Date "2024.01.23"]
[Round "11"]
[White "Grandelicious"]
[Black "kingofthenil"]
[Result "1-0"]
[WhiteElo "2902"]
[BlackElo "2700"]
[TimeControl "180+1"]
[EndTime "10:07:12 PST"]
[Termination "Grandelicious won on time"]

1. Nf3 d5 2. e3 Nf6 3. c4 e6 4. b3 Bd6 5. Bb2 O-O 6. Nc3 Re8 7. g3 dxc4 8. bxc4 e5 9. Bg2 e4 10. Ng5 Bf5 11. f4 Na6 12. Nh3 Ng4 13. O-O Nc5 14.
Rb1 Nd3 15. Ba1 Qd7 16. Rxb7 Bc5 17. Nd5 Rac8 18. Qb3 Qd6 19. Qc3 Qh6 20. Rxc7 Rxc7 21. Nxc7 Rd8 22. Nd5 f6 23. Qa5 Rxd5 24. cxd5 Nxe3 25. Qd8+ Kf7 26. dxe3 Bxe3+ 27. Kh1 Bxh3 28. Qc7+ Kf8 29. Rb1 Nf2+ 30. Kg1 Ng4+ 31. Kf1 Nxh2+ 32.
Ke2 Qh5+ 33. Kxe3 Ng4+ 34. Kd4 Nf2 35. Rb8+ 1-0